 Dungeon Crawl Stone Soup version 0.21.1-1-g345015f (webtiles) character file.

32997 nicolaieve the Severer (level 13, -7/169 HPs)
             Began as a Minotaur Berserker on June 13, 2018.
             Was a High Priest of Trog.
             Mangled by a spriggan rider
             ... wielding a +0 spear
              (10 damage)
             ... on level 6 of the Lair of Beasts.
             The game lasted 01:12:37 (12423 turns).

nicolaieve the Severer (Minotaur Berserker)        Turns: 12423, Time: 01:12:38

Health: -7/169     AC: 24    Str: 29    XL:     13   Next: 34%
Magic:  0/12       EV: 11    Int:  4    God:    Trog [*****.]
Gold:   836        SH:  0    Dex: 13    Spells: 12/12 levels left

rFire    . . .     SeeInvis .   d - +1 war axe (flame)
rCold    . . .     Gourm    .   (no shield)
rNeg     . . .     Faith    .   e - +0 plate armour
rPois    .         Spirit   +   (helmet restricted)
rElec    .         Reflect  .   x - +1 cloak
rCorr    .         Harm     .   l - +0 pair of gloves
MR       +++..                  (no boots)
Stlth    ..........             y - amulet of guardian spirit
HPRegen  1.38/turn              q - ring of protection from magic
MPRegen  0.13/turn              X - +3 ring of protection

@: berserking, lethally poisoned (-7 -> -7), regenerating, very quick
A: retaliatory headbutt, horns 2
a: Berserk, Trog's Hand, Brothers in Arms, Burn Spellbooks, Renounce Religion


You were on level 6 of the Lair of Beasts.
You worshipped Trog.
Trog was extremely pleased with you.
You were near starving.

You visited 2 branches of the dungeon, and saw 14 of its levels.
You also visited: Labyrinth.

You collected 964 gold pieces.
You spent 128 gold pieces at shops.

Inventory:

Hand Weapons
 a - a +2 war axe of electrocution
 d - a +1 war axe of flaming (weapon)
 M - a +2 antimagic battleaxe
 N - a +2 war axe of freezing
 Q - a +3 antimagic executioner's axe
Missiles
 j - 450 stones (quivered)
Armour
 e - a +0 plate armour (worn)
 l - a +0 pair of gloves (worn)
 x - a +1 cloak (worn)
Jewellery
 q - a ring of protection from magic (left hand)
 s - the ring "Woisiap" {MR+ EV+3 Dex+4, unknown}
   (You found it on level 6 of the Lair of Beasts)

   [ring of evasion]

   It affects your evasion (+3).
   It affects your dexterity (+4).
   It affects your resistance to hostile enchantments.
 y - an amulet of guardian spirit (around neck)
 F - a +5 ring of strength
 H - an uncursed ring of protection from fire
 T - an uncursed ring of protection from cold
 X - a +3 ring of protection (right hand)
Wands
 w - a wand of digging (36)
 K - a wand of acid (5)
 O - a wand of iceblast (7)
 S - a wand of flame (22)
 Y - a wand of disintegration (17)
Scrolls
 g - 4 scrolls of enchant armour
 h - 3 scrolls of blinking
 n - 2 scrolls of magic mapping {unknown}
 o - 5 scrolls of teleportation
 t - 5 scrolls of remove curse
 u - a scroll of enchant weapon {unknown}
 z - 4 scrolls of random uselessness
 C - 3 scrolls of immolation {unknown}
 E - a scroll of vulnerability {unknown}
 G - a scroll of acquirement {unknown}
 R - a scroll of amnesia {unknown}
 W - 2 scrolls of holy word {unknown}
 Z - a scroll of summoning {unknown}
Potions
 b - 3 potions of might
 f - 6 potions of brilliance
 i - a potion of cancellation
 m - a potion of ambrosia
 p - 6 potions of curing
 r - a potion of magic
 v - 2 potions of flight
 A - a potion of lignification
 B - a potion of resistance
 D - a potion of agility
 I - a potion of haste
 J - a potion of invisibility
 L - a potion of heal wounds
 V - 3 potions of mutation
Comestibles
 c - 15 rations
 k - 10 chunks of flesh


   Skills:
 - Level 10.0 Fighting
 + Level 18.6 Axes
 + Level 14.8 Armour
 * Level 6.4 Dodging


You had 12 spell levels left.
You didn't know any spells.

Dungeon Overview and Level Annotations

Branches:
Dungeon (8/15)             Temple (0/1) D:6            Lair (6/6) D:8
  Swamp (0/4) Lair:3       Spider (0/4) Lair:4
  Slime: Lair:5-6

Altars:
Ashenzari
Makhleb
Nemelex Xobeh
Sif Muna
Trog
Vehumet
Wu Jian
Xom
Zin
The Shining One
Beogh

Shops:
D:7 !:

Annotations:
Lair:1 exclusion: 2 oklob plants
Lair:5 exclusion: oklob plant


Innate Abilities, Weirdness & Mutations

You reflexively headbutt those who attack you in melee.
You have a pair of horns on your head.


Message History

You burn the spriggan rider.
The hornet stings you but does no damage.
The spriggan rider hits you with a spear!
* * * LOW HITPOINT WARNING * * *
The spriggan hits you with a dagger.
* * * LOW HITPOINT WARNING * * *
Unknown command.
You slice the hornet!! You burn the hornet.
You feel the power of Trog in you as your rage grows.
You kill the hornet!
Trog accepts your kill.
You barely miss the spriggan rider. You slice the spriggan!!
You burn the spriggan.
You kill the spriggan!
Trog accepts your kill.
You slash the spriggan! You burn the spriggan.
The spriggan is heavily wounded.
You closely miss the spriggan rider.
The spriggan rider hits you with a spear!
You die...

#...............#
##...............
♣P..............#
♣♣♣..♣♣♣...........
♣...♣♣ ♣♣♣........
♣♣...♣ ♣♣♣♣)....
♣...♣♣ ♣♣♣...
♣♣†.)♣♣ ♣...
♣..)@i♣ ♣...
♣..♣♣i.t..♣ ♣...♣
♣..♣ ♣Ft...♣ .♣♣♣
♣.. ♣♣♣... ♣.♣ ♣.
♣. ♣.


You could see a spriggan rider, a spiny frog, 2 crocodiles and a spriggan.

Vanquished Creatures
  Rupert (Lair:4)
  4 hydras
  Pikel (D:4)
  2 black mambas (Lair:5)
  18 elephants (Lair:6)
  14 spiny frogs
  6 komodo dragons
  4 jumping spiders (Lair:4)
  2 hornets (Lair:6)
  4 polar bears
  5 hippogriffs
  2 redbacks (Lair:4)
  6 dream sheep (Lair:6)
  7 spriggans (Lair:6)
  Sigmund (D:2)
  3 yaks (Lair:6)
  The ghost of tyranidshit the Skirmisher, an amateur DsAK of Lugonu (D:4)
  The ghost of nicolaieve the Chopper, an amateur MiBe of Trog (D:3)
  3 basilisks
  Edmund (D:6)
  5 water moccasins
  8 porcupines
  3 slaves (D:4)
  3 black bears
  An ice beast (D:8)
  3 orc warriors
  3 phantoms
  2 ogres
  2 sky beasts
  33 wolves
  A centaur (D:5)
  11 crocodiles
  9 bullfrogs
  2 scorpions
  7 wights
  An electric eel (Lair:3)
  A howler monkey (D:7)
  3 crimson imps
  A quasit (D:5)
  2 jellies
  A bullfrog zombie (D:8)
  A centaur zombie (D:5)
  2 hounds
  An orc priest (D:8)
  A centaur skeleton (D:5)
  A gnoll shaman (D:6)
  3 iguanas
  5 orc wizards
  Natasha (D:4)
  6 worker ants
  2 hound zombies
  2 hound skeletons
  16 gnolls
  5 adders
  2 shadow imps
  2 oozes
  2 adder skeletons (D:4)
  4 worms
  4 dart slugs
  6 leopard geckos
  39 orcs
  8 bats
  4 giant cockroaches
  6 goblins
  4 hobgoblins
  9 jackals
  6 quokkas
  3 ball pythons
  4 frilled lizards
  A jackal skeleton (D:4)
  11 kobolds
  8 rats
  5 fungi
  2 plants
364 creatures vanquished.

Vanquished Creatures (collateral kills)
  A minotaur (Lab)
1 creature vanquished.

Vanquished Creatures (others)
  11 fungi
11 creatures vanquished.

Grand Total: 376 creatures vanquished

Notes
Turn   | Place    | Note
-------+----------+-------------------------------------------
     0 | D:1      | nicolaieve the Minotaur Berserker began the quest for the Orb.
     0 | D:1      | Reached XP level 1. HP: 19/19 MP: 0/0
    43 | D:1      | Reached skill level 4 in Axes
    52 | D:1      | Reached XP level 2. HP: 25/27 MP: 1/1
   969 | D:2      | Reached XP level 3. HP: 33/33 MP: 2/2
  1025 | D:2      | Reached ** piety under Trog
  1025 | D:2      | Reached skill level 5 in Axes
  1072 | D:2      | Reached XP level 4. HP: 26/40 MP: 3/3
  1227 | D:2      | Reached skill level 6 in Axes
  1526 | D:2      | Noticed Sigmund
  1538 | D:2      | Killed Sigmund
  1538 | D:2      | Reached skill level 7 in Axes
  1538 | D:2      | Reached XP level 5. HP: 43/46 MP: 4/4
  1856 | D:3      | Noticed nicolaieve's ghost (amateur MiBe)
  1868 | D:3      | Killed nicolaieve's ghost
  1868 | D:3      | Reached skill level 8 in Axes
  1868 | D:3      | Reached XP level 6. HP: 52/52 MP: 5/5
  1952 | D:3      | Found an ornate altar of the Wu Jian Council.
  2606 | D:4      | Noticed tyranidshit's ghost (amateur DsAK)
  2615 | D:4      | Killed tyranidshit's ghost
  2615 | D:4      | Reached skill level 9 in Axes
  2615 | D:4      | Reached XP level 7. HP: 58/58 MP: 6/6
  2886 | D:4      | Noticed Pikel
  2911 | D:4      | Killed Pikel
  2911 | D:4      | Reached skill level 11 in Axes
  2911 | D:4      | Reached XP level 8. HP: 22/66 MP: 2/7
  3113 | D:4      | Noticed Natasha
  3119 | D:4      | Killed Natasha
  3221 | D:5      | Entered Level 5 of the Dungeon
  3262 | D:5      | Reached skill level 12 in Axes
  3409 | D:5      | Got a steaming chain mail
  3420 | D:5      | Identified the +1 chain mail of Ufeineasu {+Inv} (You found it on level 5 of the Dungeon)
  3469 | D:5      | Reached *** piety under Trog
  4113 | D:6      | Noticed Edmund
  4132 | D:6      | Reached skill level 5 in Armour
  4134 | D:6      | Killed Edmund
  4134 | D:6      | Reached skill level 13 in Axes
  4134 | D:6      | Reached XP level 9. HP: 56/71 MP: 8/8
  4245 | D:6      | Found a shattered altar of Ashenzari.
  4371 | D:6      | Found a staircase to the Ecumenical Temple.
  4876 | D:6      | Noticed a moth of wrath
  4879 | D:6      | Found a bloodstained altar of Trog.
  4892 | D:6      | Reached **** piety under Trog
  5213 | D:7      | Found Lice's Distillery.
  5262 | D:7      | Bought a potion of ambrosia for 128 gold pieces
  5296 | D:7      | Found a glowing golden altar of the Shining One.
  5341 | D:7      | Found a glowing silver altar of Zin.
  5342 | D:7      | Noticed an angel
  5342 | D:7      | Found a shimmering altar of Xom.
  5409 | D:7      | Found a sparkling altar of Nemelex Xobeh.
  5553 | D:7      | Found Zaizomiu's Book Emporium.
  5669 | D:7      | Found a radiant altar of Vehumet.
  5670 | D:7      | Found a burning altar of Makhleb.
  6007 | D:8      | Reached skill level 14 in Axes
  6060 | D:8      | Found a deep blue altar of Sif Muna.
  6268 | D:8      | Found a staircase to the Lair.
  6302 | D:8      | Reached XP level 10. HP: 63/79 MP: 7/9
  6314 | D:8      | Found a roughly hewn altar of Beogh.
  6316 | D:8      | Reached ***** piety under Trog
  6534 | Lair:1   | Entered Level 1 of the Lair of Beasts
  6534 | Lair:1   | Noticed a spiny frog
  6545 | Lair:1   | Killed a spiny frog
  6665 | Lair:1   | Noticed a spiny frog
  6669 | Lair:1   | Reached skill level 5 in Fighting
  6671 | Lair:1   | Killed a spiny frog
  6729 | Lair:1   | Noticed a spiny frog
  6734 | Lair:1   | Killed a spiny frog
  6734 | Lair:1   | Reached skill level 10 in Armour
  6868 | Lair:1   | Noticed a spiny frog
  6875 | Lair:1   | Killed a spiny frog
  6888 | Lair:1   | Noticed a spiny frog
  6891 | Lair:1   | Noticed a spiny frog
  6896 | Lair:1   | Noticed a spiny frog
  6897 | Lair:1   | Killed a spiny frog
  6907 | Lair:1   | Killed a spiny frog
  6908 | Lair:1   | Killed a spiny frog
  6908 | Lair:1   | Reached skill level 15 in Axes
  6997 | Lair:1   | Noticed an oklob plant
  7572 | Lair:1   | Noticed an oklob plant
  7677 | Lair:2   | Reached XP level 11. HP: 92/92 MP: 8/10
  7941 | Lair:2   | Received a gift from Trog
  7990 | Lair:2   | Found a labyrinth entrance.
  8000 | Lab      | Entered a labyrinth
  8444 | Lab      | Noticed a minotaur
  8449 | Lab      | Killed a minotaur
  8593 | Lair:2   | Noticed a five-headed hydra
  8599 | Lair:2   | Killed a two-headed hydra
  9098 | Lair:3   | Found a staircase to the Swamp.
  9988 | Lair:4   | Reached skill level 16 in Axes
 10020 | Lair:4   | Noticed Rupert
 10034 | Lair:4   | Killed Rupert
 10247 | Lair:4   | Reached XP level 12. HP: 96/104 MP: 8/11
 10380 | Lair:4   | Found a hole to the Spider Nest.
 10417 | Lair:4   | Reached skill level 17 in Axes
 10973 | Lair:4   | You fall through a shaft for 2 floors!
 10973 | Lair:6   | Entered Level 6 of the Lair of Beasts
 10990 | Lair:6   | Reached skill level 10 in Fighting
 11264 | Lair:6   | Reached skill level 18 in Axes
 11280 | Lair:6   | Reached skill level 5 in Dodging
 11332 | Lair:5   | Noticed a seven-headed hydra
 11339 | Lair:5   | Killed a one-headed hydra
 11364 | Lair:5   | Reached XP level 13. HP: 57/113 MP: 9/12
 11516 | Lair:5   | Received a gift from Trog
 12282 | Lair:6   | Got a translucent turquoise ring
 12421 | Lair:6   | HP: 7/169 [spriggan rider/spear (6)]
 12421 | Lair:6   | HP: 2/169 [spriggan/dagger (5)]
 12423 | Lair:6   | Mangled by a spriggan rider

Skill      XL: |  1  2  3  4  5  6  7  8  9 10 11 12 13 |
---------------+----------------------------------------+-----
Axes           | 4 5 7 8 9 11 13 14 15 16 18 | 18.6
Fighting       | 4 7 9 10 | 10.0
Armour         | 5 9 11 12 14 | 14.8
Dodging        | 5 6 |  6.4

Action                   |  1- 3 |  4- 6 |  7- 9 | 10-12 | 13-15 || total
-------------------------+-------+-------+-------+-------+-------++-------
Melee: Hand axe          |    66 |    52 |       |       |       ||   118
       Headbutt          |    10 |    12 |    62 |    97 |    28 ||   209
       War axe           |       |    29 |   282 |   386 |   101 ||   798
Invok: Berserk           |     1 |     3 |     4 |     9 |     1 ||    18
       Burn Spellbooks   |       |       |     2 |     1 |     1 ||     4
       Trog's Hand       |       |       |       |     2 |     1 ||     3
       Brothers in Arms  |       |       |       |     1 |       ||     1
  Use: Scroll            |       |       |    12 |     5 |     2 ||    19
 Stab: Distracted        |       |       |       |     1 |       ||     1
  Eat: Chunk             |       |     8 |    16 |    13 |     3 ||    40
       Ration            |       |       |       |     4 |       ||     4
Armor: Animal skin       |     7 |       |       |       |       ||     7
       Ring mail         |       |    27 |    24 |       |       ||    51
       Chain mail        |       |       |   100 |    79 |       ||   179
       Plate armour      |       |       |       |   159 |    97 ||   256
Dodge: Dodged            |    58 |    42 |   133 |   162 |    75 ||   470
